 Dungeon Crawl Stone Soup version 0.30.0-12-gd5a94ecb5d (webtiles) character file.

Game seed: 5385788778818316233

3287 flt the Nimble (level 10, 0/54 HPs)
             Began as a Djinni Fire Elementalist on May 17, 2023.
             Was a Follower of Hepliaklqana.
             Killed from afar by an electric eel (16 damage)
             ... with a bolt of electricity
             ... in a bailey.
             The game lasted 00:22:40 (7679 turns).

flt the Nimble (Djinni Fire Elementalist)           Turns: 7679, Time: 00:22:41

Health: 0/54       AC:  4    Str:  7    XL:     10   Next: 20%
Gold:   332        EV: 18    Int: 21    God:    Hepliaklqana [*.....] SH:  0 Dex: 20

rFire   + + .        D - +5 quarterstaff (freeze)
rCold   x . .        (shield currently unavailable)
rNeg    . . .        a - +0 robe
rPois   ∞            (no helmet)
rElec   .            E - +1 cloak
rCorr   .            (no gloves)
SInv    .            (boots unavailable)
Will    +....        (no amulet)
Stlth   ++++         l - +6 ring of dexterity
HPRegen 0.29/turn    A - ring of wizardry
MPRegen 0.00/turn

%: wizardry (x1), infuse magic (-1 HP)
@: flying
A: reduced essence, sickness immunity, fire resistance 2, cold vulnerability 1,
float, innate caster, HP casting, extra vitality 1
a: Renounce Religion, Recall Ancestor, Ancestor Identity


You were in a bailey.
You worshipped Hepliaklqana.
Hepliaklqana was aware of your devotion.
You visited 2 branches of the dungeon, and saw 9 of its levels.
You also visited: Bailey.

You collected 332 gold pieces.

Inventory:

Hand Weapons
 r - a +0 sling
 w - a +2 dagger of venom
 D - a +5 quarterstaff of freezing (weapon)
Missiles
 v - 11 boomerangs
Armour
 a - a +0 robe (worn)
 E - a +1 cloak (worn)
Magical Staves
 q - a staff of conjuration
Jewellery
 c - a ring of fire
 l - a +6 ring of dexterity (left hand)
 A - a ring of wizardry (right hand)
Wands
 x - a wand of polymorph (10)
 y - a wand of mindburst (18)
 z - a wand of paralysis (8)
Scrolls
 e - 2 scrolls of immolation
 f - a scroll of enchant armour
 g - a scroll of poison
 h - 2 scrolls of enchant weapon
 o - a scroll of blinking
 u - 2 scrolls of amnesia
Potions
 b - 2 potions of lignification
 d - a potion of berserk rage
 i - 2 potions of flight
 n - a potion of brilliance
 p - a potion of attraction
 s - a potion of resistance
 F - a potion of might


   Skills:
 + Level 9.0 Dodging
 + Level 7.4 Stealth
 + Level 6.6 Spellcasting


You knew the following spells:

 Your Spells              Type           Power      Damage    Failure   Level
a - Foxfire               Conj/Fire      100%       2x1d9     1%          1
b - Scorch                Fire           68%        2d8       1%          2
c - Volatile Blastmotes   Fire/Tloc      68%        2d15      1%          3
d - Inner Flame           Hex/Fire       34%        N/A       1%          3
e - Flame Wave            Conj/Fire      34%        2d10      2%          4
f - Summon Small Mammal   Summ           100%       N/A       1%          1
h - Lesser Beckoning      Tloc           68%        N/A       1%          2
i - Ignite Poison         Fire/Tmut/Pois 34%        N/A       1%          3
p - Poisonous Vapours     Pois/Air       68%        N/A       1%          2
Your spell library was empty.

Dungeon Overview and Level Annotations

Branches:
Dungeon (8/15)             Temple (1/1) D:5          Bailey (1/1)
   Lair: D:8-11

Altars:
Ashenzari
Cheibriados
Elyvilon
Fedhas
Gozag
Hepliaklqana
Nemelex Xobeh
Okawaru
Qazlal
Ru
Trog
Uskayaw
Xom
Yredelemnul
Zin
The Shining One

Shops:
D:2 !   D:4 [

Annotations:
D:3 2 transporters, Kenran's ghost, amateur MiCA
D:4 2 runed translucent doors, Name63's ghost, amateur FoFi
D:8 Maggie


Innate Abilities, Weirdness & Mutations

Your life essence is reduced to manifest your ancestor. (-10% HP)
You are immune to sickness and miasma.
You are immune to poison.
Your flesh is very heat resistant. (rF++)
You are vulnerable to cold. (rC-)
You float through the air rather than walking.
You learn spells naturally, not from books.
Your magical power is your life essence.
You have superior vitality. (+4 MHP)


Message History

An electric eel comes into view.
Casting: Scorch (safe; 1% risk of failure)
Confirm with . or Enter, or press ? or * to list all spells.
You can't see any susceptible monsters within range! (Use Z to cast anyway.)
An electric eel comes into view.
The electric eel shoots out a bolt of lightning at you!
The bolt of electricity hits you!
The electric eel shoots out a bolt of lightning at you!
The bolt of electricity hits the electric eel.
The electric eel completely resists.
The bolt of electricity misses you.
Casting: Scorch (safe; 1% risk of failure)
Confirm with . or Enter, or press ? or * to list all spells.
Flames lash the electric eel.
The electric eel is heavily wounded.
The electric eel's fire resistance burns away.
The electric eel is engulfed in a cloud of scalding steam.
The electric eel shoots out a bolt of lightning at you!
The bolt of electricity misses you.
Casting: Scorch (safe; 1% risk of failure)
Confirm with . or Enter, or press ? or * to list all spells.
Flames lash the electric eel.
The electric eel is burned terribly!
You kill the electric eel!
You hear a splash.
The electric eel shoots out a bolt of lightning at you!
The bolt of electricity hits you!
Casting: Scorch (safe; 1% risk of failure)
Confirm with . or Enter, or press ? or * to list all spells.
You can't see any susceptible monsters within range! (Use Z to cast anyway.)
The electric eel shoots out a bolt of lightning at you!
The bolt of electricity hits you!
* * * LOW HITPOINT WARNING * * *
You feel better.
The electric eel shoots out a bolt of lightning at you!
The bolt of electricity misses you.
Casting: Scorch (safe; 1% risk of failure)
Confirm with . or Enter, or press ? or * to list all spells.
You can't see any susceptible monsters within range! (Use Z to cast anyway.)
The electric eel shoots out a bolt of lightning at you!
The bolt of electricity hits Ulric.
The bolt of electricity hits you!
You die...

#≈≈≈≈≈≈≈≈≈≈
#≈≈≈≈≈≈≈≈≈
#≈≈≈≈≈≈≈≈≈
#≈≈≈≈≈≈≈≈
#≈≈≈≈≈S≈ #≈≈≈≈R#
#≈≈≈≈≈# #≈≈≈@≈#
#≈≈≈≈≈# #≈≈≈≈≈#
#≈≈≈≈≈###
#≈≈≈≈≈~.#
######.≈≈≈≈~.#
#......≈≈≈≈~.#
###......≈≈≈≈~.#
#..............+


You could see the friendly Ulric the ancestor and an electric eel (ally target).

Vanquished Creatures
  A wyvern (D:7)
  3 yaks (D:8)
  A steam dragon (D:7)
  Menkaure (D:6)
  A water moccasin (D:5)
  3 black bears
  An ice beast (D:6)
  3 sky beasts
  An ogre (D:6)
  A centaur (D:5)
  A phantom (D:6)
  A kobold brigand (D:7)
  3 bullfrogs
  2 scorpions (D:6)
  4 wights (D:7)
  3 killer bees (D:8)
  An electric eel (Bailey)
  3 hounds
  2 jellies
  Crazy Yiuf (D:6)
  An orc priest (D:6)
  A sleepcap (D:7)
  7 iguanas
  5 orc wizards
  2 gnolls (D:2)
  6 adders
  A shadow imp (D:5)
  2 white imps
  An ufetubus (D:4)
  3 worms
  2 dart slugs (D:2)
  13 orcs
  4 ball pythons
  7 endoplasms
  4 giant cockroaches
  11 goblins
  12 hobgoblins
  15 kobolds
  4 quokkas
  3 bats
  4 frilled lizards
  7 rats
152 creatures vanquished.

Vanquished Creatures (collateral kills)
  A goblin (D:8)
1 creature vanquished.

Vanquished Creatures (others)
  2 ancestors (D:8)
  189 foxfires
191 creatures vanquished.

Grand Total: 344 creatures vanquished

Notes
Turn   | Place    | Note
-------+----------+-------------------------------------------
     0 | D:1      | flt the Djinni Fire Elementalist began the quest for the
                  | Orb.
     0 | D:1      | flt set off with the following spells memorised: Foxfire,
                  | Scorch, Volatile Blastmotes, Inner Flame, Flame Wave.
     0 | D:1      | Reached XP level 1. HP: 15/15 MP: 0/0
    75 | D:1      | Reached XP level 2. HP: 17/21 MP: 0/0
   308 | D:1      | Reached XP level 3. HP: 21/25 MP: 0/0
   308 | D:1      | Learned a level 1 spell: Summon Small Mammal
   861 | D:2      | Reached skill level 3 in Dodging
   959 | D:2      | Found Nunitar's Distillery.
   997 | D:2      | Reached XP level 4. HP: 24/31 MP: 0/0
  1505 | D:3      | Reached XP level 5. HP: 29/35 MP: 0/0
  1505 | D:3      | Learned a level 2 spell: Poisonous Vapours
  1577 | D:3      | Found a transporter.
  1578 | D:3      | Noticed Kenran's ghost (amateur MiCA)
  1579 | D:3      | Found a transporter.
  1579 | D:3      | Noticed an ogre
  1594 | D:3      | Found an opulent altar of Gozag.
  1674 | D:3      | Found a faded altar of an unknown god.
  1887 | D:3      | Identified the +4 dire flail of Cirubeel {freeze, rC+ Dex+8
                  | Stlth-}
  1887 | D:3      | Noticed an ogre
  2002 | D:4      | Reached skill level 4 in Dodging
  2002 | D:4      | Reached XP level 6. HP: 26/40 MP: 0/0
  2404 | D:4      | Found a runed translucent door.
  2407 | D:4      | Noticed Name63's ghost (amateur FoFi)
  2753 | D:4      | Found a runed translucent door.
  2782 | D:4      | Found Hoel's Antique Armour Boutique.
  3538 | D:5      | Entered Level 5 of the Dungeon
  3607 | D:5      | Reached XP level 7. HP: 18/45 MP: 0/0
  3607 | D:5      | Learned a level 2 spell: Lesser Beckoning
  3775 | D:5      | Reached skill level 5 in Dodging
  3957 | D:5      | Found a staircase to the Ecumenical Temple.
  3959 | D:5      | You are sucked into a shaft and drop 1 floor!
  3959 | D:6      | Found a glowing golden altar of the Shining One.
  4055 | Temple   | Entered the Ecumenical Temple
  4093 | Temple   | Became a worshipper of Hepliaklqana the Forgotten
  4325 | D:5      | HP: 2/45 [adder (3)]
  4680 | D:6      | Noticed a water moccasin
  4690 | D:5      | Killed a water moccasin
  4816 | D:6      | Reached XP level 8. HP: 49/50 MP: 0/0
  4848 | D:6      | Reached skill level 6 in Dodging
  4853 | D:6      | Reached skill level 5 in Stealth
  5107 | D:6      | Reached skill level 5 in Spellcasting
  5469 | D:6      | Noticed Menkaure
  5471 | D:6      | Killed Menkaure
  5472 | D:6      | Reached skill level 7 in Dodging
  5472 | D:6      | Reached XP level 9. HP: 51/55 MP: 0/0
  5472 | D:6      | Learned a level 3 spell: Ignite Poison
  5607 | D:6      | Found a runed translucent door.
  5608 | D:6      | Noticed Crazy Yiuf
  5953 | D:6      | Killed Crazy Yiuf
  6505 | D:7      | Reached skill level 8 in Dodging
  7301 | D:8      | Reached * piety under Hepliaklqana
  7449 | D:8      | Reached XP level 10. HP: 38/54 MP: 0/0
  7486 | D:8      | Reached skill level 9 in Dodging
  7622 | D:8      | Noticed Maggie
  7653 | D:8      | Found a flagged portal.
  7662 | Bailey   | Entered a bailey
  7679 | Bailey   | Killed from afar by an electric eel

Illustrated notes

Levels and vault maps discovered:
D:1:      mrwooster_arrival_arrow, layout_basic
D:2:      layout_rooms, serial_shops, shop
D:3:      layout_basic, grunt_gozag_statues, ebering_ecumenical_altar_webs,
          gammafunk_ghost_smash, hangedman_abyss_or_decor_stabs
D:4:      layout_layer_cave, ebering_ghost_sewer_f, serial_shops,
          nicolae_shop_crystal
D:5:      layout_rooms, minmay_temple_entry_grid, kennysheep_generic_room_6
D:6:      layout_loops_ring, tso_metal_star, uniq_crazy_yiuf_cottage,
          uniq_menkaure
D:7:      layout_rooms
D:8:      layout_basic, nzn_wu_jian_council_hall, enter_bailey_3,
          minmay_misc_feat_ornament, jiyva_altar_1, uniq_maggie
Temple:   nicolae_temple_bog_church
Bailey:   bailey_axe_of_yendor_kennysheep, bailey

Skill      XL: |  1  2  3  4  5  6  7  8  9 10 |
---------------+-------------------------------+-----
Stealth        | 2 3 4 5 7 |  7.4
Dodging        | 3 4 5 7 8 9 |  9.0
Spellcasting   | 3 4 5 6 |  6.6

Action                     |  1- 3 |  4- 6 |  7- 9 | 10-12 || total
---------------------------+-------+-------+-------+-------++-------
  Melee: Dagger            |     9 |     1 |     2 |       ||    12
         Short sword       |    11 |     8 |       |       ||    19
         Quarterstaff      |       |       |    10 |     1 ||    11
   Cast: Foxfire           |    35 |    49 |    28 |       ||   112
         Scorch            |    13 |    41 |   116 |     9 ||   179
         Volatile Blastmot |       |       |    11 |     1 ||    12
         Poisonous Vapours |       |       |       |     3 ||     3
         Ignite Poison     |       |       |       |     2 ||     2
    Use: Potion            |       |       |     1 |     4 ||     5
         Scroll            |       |       |     8 |    11 ||    19
   Stab: Sleeping          |       |     1 |       |       ||     1
 Armour: Robe              |     4 |     1 |     6 |       ||    11
  Dodge: Dodged            |    17 |    33 |    56 |    20 ||   126
